Unix xNetHack Version 7.1.0 - last build Jul 4 2022 02:09:00 (ec8469f2eb63cac24863ec985b09651f3a72bf9f). Game began 2022-07-14 13:04:07, ended 2022-07-14 13:22:37. Raisse, neutral female gnomish Wizard ------- --.--..| |......-------------- --.....*%.......qG..- |..--.------------..... |.----- ------- ----.| |...<| |*..-- ---. .. . Raisse the Conjurer St:10 Dx:17 Co:16 In:18 Wi:9 Ch:8 Neutral Dlvl:7 $:0 HP:0(49) Pw:44(44) AC:10 Xp:5/270 T:5426 Latest messages: The rothe bites! You return to gnomish form! Are you waiting to get hit? Use 'm' prefix to force a no-op (to rest). Are you waiting to get hit? Are you waiting to get hit? Are you waiting to get hit? Are you waiting to get hit? Are you waiting to get hit? Are you waiting to get hit? Are you waiting to get hit? Are you waiting to get hit? You miss the rothe. The rothe hits! The rothe bites! The rothe bites! Are you waiting to get hit? Are you waiting to get hit? Are you waiting to get hit? Are you waiting to get hit? You punch the rothe. The rothe hits! The rothe bites! The rothe bites! Are you waiting to get hit? You miss the rothe. The rothe hits! The rothe bites! The rothe bites! Are you waiting to get hit? Are you waiting to get hit? Are you waiting to get hit? Are you waiting to get hit? You punch the rothe. The rothe hits! The rothe bites! The rothe bites! You punch the rothe. The rothe hits! The rothe bites! The rothe bites! Are you waiting to get hit? You punch the rothe. Are you waiting to get hit? You punch the rothe. The rothe hits! The rothe bites! The rothe bites! You die... Do you want to see your attributes? [ynq] (y) y Do you want an account of creatures vanquished? [ynaq] (y) q Major events: Turn 1: Raisse the neutral female gnomish Wizard entered the dungeon 853: attained the rank of Conjurer (level 3) 3750: entered the Gnomish Mines 4816: bestowed with Magicbane by Thoth 5426: killed by a rothe Inventory: Not carrying anything. Raisse the Wizard's attributes: Background: You were a Conjurer, a level 5 female gnomish Wizard. You were neutral, on a mission for Thoth who was opposed by Ptah (lawful) and Anhur (chaotic). You were bisexual. You were in the Gnomish Mines, on level 7. You entered the dungeon 5426 turns ago. There was a full moon in effect when your adventure ended. You had 270 experience points, 50 more were needed to attain level 6. Basics: You had 0 out of 49 hit points. You had all 44 energy points (spell power). Your armor class was 10. Your wallet was empty. Autopickup was off. Final Characteristics: Your strength was 10 (limit:18/50). Your dexterity was 17 (limit:18). Your constitution was 16 (limit:18). Your intelligence was 18 (limit:19). Your wisdom was 9 (limit:18). Your charisma was 8 (limit:18). Final Status: You were not hungry. You were unencumbered. You were bare handed. You were unskilled in bare handed combat. You were not wearing any armor. Final Attributes: You were piously aligned. You were poison resistant. You were level-drain resistant. You were telepathic. You had infravision. You were a wererat. You were harmed by silver. You were unlucky. Thoth was angry with you. You are dead. Miscellaneous: You encountered 1 bones level. Total elapsed playing time was 18 minutes and 30 seconds. Vanquished creatures: a rock mole 2 shriekers 5 floating eyes 2 dwarves a homunculus 2 hill orcs a rothe 3 giant bats a wererat 2 iguanas 3 acid blobs 6 hobbits a manes a large kobold a hobgoblin a giant rat 2 cave spiders a brown mold a yellow mold a green mold 4 red molds 2 gnomes a gnome zombie 5 geckos 9 jackals 2 goblins a sewer rat 8 grid bugs 7 lichens 2 kobold zombies 7 newts 86 creatures vanquished. No species were genocided or became extinct. Voluntary challenges: You read items or engraved 9 times. You never genocided any monsters. You never polymorphed an object. You used no wishes. You were celibate. You never generated conflict. Achievements: You entered a shop. You attained the rank of Conjurer. You entered the Gnomish Mines. The Dungeons of Doom: levels 1 to 5 Level 1: A fountain. Level 2: "spb" A scroll shop. Level 3: A general store. Level 4: Many altars, a fountain. Stairs down to The Gnomish Mines. Level 5: The Gnomish Mines: levels 5 to 7 Level 5: Level 6: A grave. Final resting place for Raisse-Wiz-Gno-Fem-Neu, killed by a cave spider. Level 7: <- You were here. Final resting place for you, killed by a rothe. Game over: __________ / \ / REST \ / IN \ / PEACE \ / \ | Raisse | | 0 Au | | killed by a | | rothe | | | | | | 2022 | *| * * * | * _________)/\\_//(\/(/\)/\//\/|_)_______ Goodbye Raisse the Wizard... You died in The Gnomish Mines on dungeon level 7 with 1390 points, and 0 pieces of gold, after 5426 moves. You were level 5 with a maximum of 49 hit points when you died.